Map: Emerald City LE

Players

Massa - Winner!

  • Race: Terran Terran
  • League: Gold
  • Spawn Location: 11:00

qqq - Winner!

  • Race: Zerg Zerg
  • Spawn Location: 11:00

Karaz

  • Race: Protoss Protoss
  • Spawn Location: 5:00

poorzerg

  • Race: Zerg Zerg
  • Spawn Location: 5:00

VOD

Have the link to the VOD?

Description

Time

  • Played on: June 23, 2020, 3:19 p.m.
  • Length: 12:40
Show
View Real Time Build Order
Export as new Build Order

Massa Terran - Winner!

Build Orders:  

Get SALT Encoding   

  12  0:09  SCV  
  13  0:19  Supply Depot  
  13  0:21  SCV  
  14  0:34  SCV  
  15  0:43  Barracks  
  15  0:46  SCV  
  16  0:58  SCV  
  17  1:12  SCV  
  17  1:14  Refinery  
  18  1:22  Barracks  
  18  1:31  SCV  
  19  1:35  Supply Depot  
  19  1:36  Marine  
  20  1:43  SCV  
  20  1:44  Barracks  
  21  1:54  Marine  
  21  1:55  SCV  
  23  2:10  Orbital Command  
  23  2:12  Marine  
  24  2:16  Marine  
  25  2:25  Factory  
  25  2:30  Marine  
  25  2:33  Marine  
  25  2:34  Marine  
  28  2:38  Supply Depot  
  28  2:48  Marine  
  28  2:50  Marine  
  30  2:52  Marine  
  31  3:05  Marine  
  31  3:08  Marine  
  31  3:09  Supply Depot  
  31  3:10  Factory Tech Lab, Marine  
  34  3:23  Marine  
  34  3:25  Command Center  
  34  3:26  Marine  
  36  3:28  Marine  
  37  3:36  Siege Tank  
  40  3:46  Marine x3  
  43  4:04  Marine x3  
  46  4:15  Supply Depot  
  46  4:28  Siege Tank  
  46  4:41  Supply Depot  
  40  5:04  Marine x3  
  43  5:08  Siege Tank  
  38  5:22  Marine x3  
  40  5:40  Marine x3  
  43  5:45  Siege Tank  
  46  5:50  SCV  
  46  5:53  SCV  
  48  5:57  Marine  
  48  5:58  Marine x2  
  48  6:02  SCV  
  49  6:05  SCV  
  49  6:06  Engineering Bay  
  42  6:15  SCV, Marine x2  
  42  6:16  Marine  
  42  6:18  SCV  
  45  6:24  Siege Tank  
  48  6:27  SCV  
  48  6:30  SCV  
  47  6:33  Marine x3  
  47  6:39  SCV  
  45  6:42  SCV  
  45  6:45  Barracks  
  46  6:50  Barracks  
  46  6:51  Marine x2  
  46  6:53  Refinery  
  46  6:54  SCV x2  
  49  7:06  SCV x2, Marine  
  52  7:09  Marine x2  
  52  7:13  Siege Tank  
  57  7:18  SCV  
  57  7:19  Orbital Command  
  58  7:24  Marine  
  58  7:26  Refinery, Marine  
  60  7:30  Refinery, SCV  
  60  7:35  Engineering Bay  
  60  7:36  Terran Infantry Weapons Level 1  
  61  7:42  SCV  
  62  7:44  Barracks Tech Lab  
  62  7:46  Marine x3  
  62  7:47  Marine  
  66  7:54  SCV  
  67  8:04  Marine x4  
  71  8:06  SCV  
  71  8:07  Command Center  
  71  8:09  Missile Turret  
  72  8:13  Missile Turret  
  72  8:15  Stimpack  
  72  8:22  Marine x3  
  76  8:28  Marauder  
  77  8:39  Marine  
  78  8:50  Barracks Tech Lab  
  78  8:51  Supply Depot x2  
  78  8:52  Supply Depot  
  78  8:58  Marine x3  
  78  8:59  Marauder  
  76  9:14  Supply Depot  
  76  9:16  Marine x2, Supply Depot  
  76  9:20  Marauder, Supply Depot  
  78  9:34  Marauder  
  80  9:38  Concussive Shells  
  80  9:42  Marauder  
  80  9:44  Siege Tank  
  85  9:49  Starport  
  85  9:54  Combat Shield  
  85  9:55  Marauder  
  87  10:03  Marauder  
  87  10:06  SCV  
  91  10:07  SCV  
  91  10:14  Orbital Command  
  91  10:16  Marauder  
  91  10:18  SCV  
  91  10:19  SCV  
  95  10:24  Marauder  
  95  10:26  Starport  
  97  10:30  SCV  
  97  10:31  SCV  
  99  10:38  Marauder  
  83  10:42  SCV  
  83  10:43  SCV  
  77  10:55  SCV  
  78  10:57  Marauder  
  78  10:59  Marauder, Marine x3  
  82  11:13  Medivac  
  82  11:16  Marine  
  82  11:17  Marine x2  
  85  11:19  Marauder  
  85  11:21  Marauder  
  89  11:34  Marine  
  89  11:35  Marine x2  
  92  11:40  Marauder  
  92  11:42  Marauder  
  92  11:43  Medivac  
  98  11:52  Marine x2  
  98  11:53  Marine  
  101  11:58  Command Center  
  88  12:01  Marauder  
  88  12:03  Marauder  
  90  12:10  Marine x3  
Show
View Real Time Build Order
Export as new Build Order

qqq Zerg - Winner!

Build Orders: Hatch First 

Get SALT Encoding   

  12  0:01  Drone  
  13  0:12  Drone  
  14  0:38  Hatchery  
  13  0:55  Spawning Pool  
  12  0:59  Overlord  
  12  1:03  Drone  
  13  1:07  Drone  
  13  1:10  Extractor  
  13  1:24  Drone  
  13  1:25  Drone  
  15  1:39  Drone  
  16  1:42  Queen  
  18  1:50  Drone  
  18  1:52  Drone  
  20  2:01  Drone  
  20  2:03  Drone  
  22  2:11  Zergling x2  
  22  2:13  Drone  
  23  2:16  Metabolic Boost  
  24  2:22  Drone  
  24  2:25  Overlord  
  24  2:29  Zergling x2  
  25  2:36  Zergling x2  
  26  2:38  Zergling x2  
  27  2:48  Baneling Nest  
  27  2:49  Drone  
  27  2:53  Drone, Zergling x4  
  27  2:56  Zergling x2  
  31  2:59  Zergling x2  
  32  3:09  Drone  
  32  3:10  Zergling x2  
  34  3:15  Roach Warren  
  34  3:17  Drone  
  34  3:24  Zergling x2  
  34  3:25  Overlord  
  35  3:28  Zergling x2  
  36  3:38  Baneling x5  
  36  3:39  Baneling  
  36  3:44  Overlord  
  36  3:45  Zergling x2  
  36  3:48  Drone  
  38  3:58  Zergling x8  
  42  4:03  Drone, Zergling x2  
  42  4:06  Zergling x2  
  44  4:22  Zergling x4  
  44  4:23  Zergling x2  
  40  4:36  Zergling x8  
  40  4:38  Zergling x4  
  40  4:43  Queen  
  43  4:46  Zergling x2  
  41  4:58  Zergling x2  
  41  4:59  Zergling x4  
  42  5:09  Drone, Roach  
  44  5:15  Hatchery  
  35  5:36  Roach x3  
  35  5:38  Drone x2  
  42  5:50  Roach  
  42  5:51  Roach x2  
  46  6:08  Roach x2  
  46  6:09  Roach  
  51  6:20  Lair  
  51  6:22  Overlord x3  
  51  6:23  Overlord  
  51  6:44  Roach  
  51  6:45  Roach x3  
  51  6:46  Roach x3  
  61  7:13  Roach x3  
  61  7:14  Drone x5  
  61  7:15  Drone  
  71  7:19  Queen  
  73  7:28  Extractor  
  72  7:32  Drone x2, Roach x2  
  78  7:47  Evolution Chamber  
  77  8:03  Roach x2  
  77  8:04  Drone  
  82  8:08  Hatchery, Overlord  
  81  8:15  Drone  
  81  8:17  Overlord  
  81  8:18  Hatchery  
  81  8:25  Hatchery  
  80  8:28  Roach x2  
  80  8:29  Drone x2  
  80  8:30  Drone x2  
  89  8:34  Ravager x2  
  92  8:48  Roach x2  
  92  8:49  Drone x2, Roach  
  92  8:50  Overlord  
  98  9:06  Glial Reconstitution  
  98  9:18  Drone, Roach x2  
  98  9:19  Drone x3  
  98  9:20  Drone x2, Overlord  
  108  9:41  Ravager x2  
  110  9:47  Roach x2  
  110  9:48  Drone x4  
  110  9:49  Drone x7  
  125  9:59  Roach x2  
  129  10:00  Drone, Roach  
  129  10:06  Extractor  
  131  10:07  Extractor  
  130  10:16  Roach  
  130  10:19  Overlord x3  
  100  10:54  Roach x2  
  100  10:55  Roach x7  
  114  10:59  Drone x4  
  114  11:00  Roach x3  
  114  11:01  Drone x2, Zergling x10  
  114  11:02  Zergling x2  
  117  11:22  Roach x2  
  117  11:23  Roach x3  
  117  11:25  Drone x4, Zergling x6  
  133  11:26  Zergling x2  
  133  11:28  Extractor  
  134  11:38  Roach x3  
  134  11:39  Drone x2  
  143  11:40  Zergling x4  
  119  12:09  Roach x2  
  119  12:10  Roach x4  
  119  12:11  Drone x7  
  119  12:12  Drone  
Show
View Real Time Build Order
Export as new Build Order

Karaz Protoss 

Build Orders:  

Get SALT Encoding   

  12  0:01  Probe  
  13  0:13  Probe  
  14  0:26  Pylon  
  14  0:29  Probe  
  15  0:36  Assimilator  
  15  0:40  Probe  
  15  0:49  Probe, Gateway  
  17  1:29  Probe  
  18  1:41  Probe  
  18  1:42  Cybernetics Core  
  18  1:45  Gateway  
  19  1:49  Zealot  
  19  1:55  Assimilator  
  21  2:02  Pylon  
  21  2:19  Warp Gate  
  21  2:21  Adept  
  23  2:26  Probe  
  24  2:34  Probe, Adept  
  26  2:44  Probe  
  28  2:51  Adept  
  28  2:57  Pylon  
  30  3:00  Pylon  
  30  3:15  Adept  
  30  3:19  Nexus  
  32  3:25  Gateway  
  32  3:27  Gateway  
  32  3:32  Sentry  
  34  3:45  Twilight Council, Sentry  
  32  4:37  Adept x4  
  34  5:00  Adept  
  34  5:01  Adept x3  
  28  5:26  Adept x3  
  28  5:27  Adept  
  30  5:35  Charge  
  30  5:47  Stalker x3  
  30  5:48  Stalker  
  28  6:14  Stalker x3  
  28  6:15  Adept  
  30  6:42  Stalker x3  
  30  6:45  Adept  
  38  7:12  Adept x3  
  38  7:13  Adept  
  44  7:18  Probe x2  
  46  7:26  Blink  
  46  7:30  Probe x2  
  48  7:45  Templar Archives  
  48  7:54  Probe x2  
  50  8:02  Probe x2  
  50  8:11  Probe  
  50  8:12  Probe  
  54  8:20  Pylon  
  54  8:24  Probe  
  55  8:31  Probe  
  56  8:36  Probe  
  57  8:43  Probe  
  54  9:04  High Templar x3  
  54  9:05  High Templar  
  62  9:16  Archon  
  62  9:17  Archon  
  62  9:22  Psionic Storm, Assimilator  
  62  9:26  Assimilator  
  62  9:29  Pylon  
  62  9:31  Gateway  
  62  9:32  Gateway  
  62  9:34  Gateway  
  62  9:36  Gateway  
  62  9:39  Forge  
  62  9:41  Forge  
  62  9:49  High Templar x3  
  62  9:52  Zealot  
  70  9:53  Archon  
  70  10:03  Protoss Ground Weapons Level 1, Protoss Ground Armor Level 1  
  70  10:10  Nexus  
  66  10:35  High Templar x2  
  56  10:38  Zealot x4  
  56  10:39  Zealot  
  56  10:41  Archon  
  58  10:53  Zealot  
  47  11:05  Zealot x5  
  19  11:19  Stalker  
  16  11:48  High Templar x2  
Show
View Real Time Build Order
Export as new Build Order

poorzerg Zerg 

Build Orders: Hatch First 

Get SALT Encoding   

  12  0:01  Drone  
  13  0:12  Overlord  
  13  0:18  Drone  
  14  0:30  Drone x2  
  17  0:57  Drone  
  17  1:08  Hatchery  
  16  1:22  Drone x2  
  18  1:27  Spawning Pool  
  18  1:28  Drone  
  18  1:40  Extractor  
  18  1:41  Drone  
  18  1:44  Overlord  
  18  1:58  Drone  
  19  2:20  Zergling x4  
  19  2:21  Queen  
  19  2:22  Queen  
  25  2:23  Zergling x2  
  26  2:30  Spine Crawler  
  26  2:36  Drone  
  26  2:37  Drone  
  27  2:38  Drone  
  27  2:41  Metabolic Boost  
  27  2:43  Drone  
  29  2:46  Spine Crawler  
  28  3:05  Hatchery  
  27  3:07  Drone  
  27  3:09  Drone  
  29  3:20  Drone x2  
  31  3:31  Lair  
  31  3:40  Baneling Nest  
  30  3:42  Drone  
  30  3:43  Drone  
  30  3:44  Extractor  
  30  3:46  Drone x3  
  35  4:03  Overlord x2  
  35  4:04  Spine Crawler  
  35  4:08  Spine Crawler  
  33  4:23  Zergling x20  
  40  4:37  Zergling x4  
  36  4:49  Zergling x6  
  31  4:54  Queen  
  33  5:07  Zergling x4  
  33  5:08  Baneling  
  33  5:09  Baneling  
  33  5:12  Zergling x4  
  35  5:22  Zergling x4  
  33  5:39  Baneling x3  
  33  5:40  Baneling, Zergling x4  
  35  5:55  Hatchery  
  30  6:12  Zergling x6  
  30  6:16  Queen  
  35  6:21  Hatchery  
  32  6:33  Zergling x6  
  35  6:47  Zergling x2  
  34  6:56  Zergling x6  
  37  7:08  Zergling x4  
  39  7:11  Zergling x2  
  40  7:18  Evolution Chamber  
  40  7:20  Evolution Chamber  
  38  7:29  Zergling x2  
  41  7:30  Zergling x8  
  43  7:42  Hatchery  
  42  7:55  Zerg Melee Weapons Level 1  
  42  7:56  Zerg Ground Armor Level 1, Hydralisk Den  
  41  7:58  Drone  
  41  7:59  Drone  
  41  8:03  Drone  
  42  8:25  Baneling x4  
  42  8:33  Grooved Spines  
  42  8:45  Infestation Pit  
  30  9:06  Zergling x14  
  30  9:07  Zergling x8  
  36  9:17  Zergling x2  
  36  9:18  Zergling x4  
  39  9:31  Zergling x8  
  40  9:34  Baneling  
  40  9:35  Baneling  
  40  9:36  Baneling  
  40  9:37  Baneling  
  43  9:49  Hydralisk  
  43  9:50  Hydralisk  
  47  10:02  Baneling x3  
  47  10:07  Overlord  
  47  10:20  Lurker Den  
  26  10:51  Hydralisk x3  
  26  10:53  Zergling x6  
  26  10:54  Zergling x6  
  36  11:16  Baneling x4  
  36  11:19  Lurker x2  
  38  11:30  Lurker  
  26  12:06  Zergling x2  
  26  12:07  Zergling x18  
Tags
 
Add a new tag
Caveats
  • Supply blocks, unpowered buildings, or Contaminate may cause inaccurate times.
  • Supply counts are checked every 10 seconds.